 Dungeon Crawl Stone Soup version 0.30.1-11-g7821555f0a (webtiles) character file.

Game seed: 4373702667503943871

2822 Eitelfritz the Cleaver (level 9, 0/78 HPs)
             Began as a Hill Orc Fighter on Dec 27, 2023.
             Was a Believer of Zin.
             Splashed by a jelly's acid (4 damage)
             ... on level 8 of the Dungeon.
             The game lasted 00:15:45 (7138 turns).

Eitelfritz the Cleaver (Hill Orc Fighter)           Turns: 7138, Time: 00:15:46

Health: 0/78       AC: -8    Str: 23    XL:     9   Next: 73%
Magic:  9/9        EV: 14    Int:  8    God:    Zin [**....]
Gold:   1355       SH:  5    Dex: 10    Spells: 8/8 levels left

rFire   . . .        a - +2 war axe (protect)
rCold   + . .        c - +0 buckler
rNeg    . . .        j - +0 chain mail
rPois   .            e - +1 hat {Stlth+}
rElec   .            E - +0 cloak
rCorr   .            (no gloves)
SInv    .            (no boots)
Will    .....        z - amulet of the acrobat Stlth
                     t - ring of protection from cold
HPRegen 0.33/turn    v - +5 ring of evasion
MPRegen 0.11/turn

%: acrobat
@: corroded, under a protective aura
A: no striking features
a: Renounce Religion, Recite, Vitalisation, Donate Gold


You were on level 8 of the Dungeon.
You worshipped Zin.
Zin was pleased with you.
You visited 2 branches of the dungeon, and saw 9 of its levels.

You collected 1481 gold pieces.
You donated 126 gold pieces to Zin.

Inventory:

Hand Weapons
 a - a +2 war axe of protection (weapon)
 b - a +0 sling
 p - a +0 flail
Missiles
 k - 3 javelins
 n - 17 poisoned darts (quivered)
Armour
 c - a +0 buckler (worn)
 e - a +1 hat of stealth (worn)
 j - a +0 chain mail (worn)
 E - a +0 cloak (worn)
Jewellery
 r - a ring of ice
 t - a ring of protection from cold (left hand)
 v - a +5 ring of evasion (right hand)
 z - an amulet of the acrobat (around neck)
 C - a ring of flight
Wands
 w - a wand of iceblast (10)
Scrolls
 h - 3 scrolls of identify
 m - 2 scrolls of vulnerability {unknown}
 o - 4 scrolls of teleportation
 s - a scroll of brand weapon
 y - 2 scrolls of immolation
 A - a scroll of fog {unknown}
 B - a scroll of torment {unknown}
 D - 3 scrolls of enchant weapon
Potions
 d - 2 potions of might
 f - 2 potions of attraction
 g - 2 potions of brilliance
 i - 6 potions of flight
 l - 4 potions of curing
 u - 2 potions of lignification
 x - 2 potions of haste


   Skills:
 + Level 6.6 Fighting
 + Level 11.0 Axes
 + Level 1.7 Ranged Weapons
 * Level 2.0 Throwing
 + Level 7.3 Armour
 + Level 2.8 Dodging
 + Level 0.7 Stealth
 + Level 5.4 Shields
 + Level 1.1 Evocations


You had 8 spell levels left.
You didn't know any spells.
Your spell library contained the following spells:

 Spells                   Type           Power      Damage    Failure   Level
 Necrotise                Necr           0%         1d4       95%         1
 Shock                    Conj/Air       0%         1d3       95%         1
 Scorch                   Fire           0%         2d5       99%         2
 Swiftness                Air            0%         N/A       100%        3
 Vampiric Draining        Necr           0%         2d6       100%        3
 Airstrike                Air            0%         2d(0-16)  100%        4
 Flame Wave               Conj/Fire      0%         2d4       100%        4
 Agony                    Necr           0%         N/A       100%        5
 Summon Cactus Giant      Summ           0%         N/A       100%        6


Dungeon Overview and Level Annotations

Branches:
Dungeon (8/15)             Temple (1/1) D:4
   Lair: D:8-11

Altars:
Ashenzari
Cheibriados
Dithmenos
Elyvilon
Fedhas
Gozag
Hepliaklqana
Kikubaaqudgha
Makhleb
Nemelex Xobeh
Okawaru
Qazlal
Ru
Sif Muna
Trog
Uskayaw
Vehumet
Wu Jian
Xom
Yredelemnul
Zin
The Shining One

Annotations:
D:8 exclusion: oklob plant


Message History

The jelly attacks as you move away! The jelly misses you.
You hit the jelly but do no damage.
Your weapon exudes an aura of protection.
Your hands burn!
* * * LOW HITPOINT WARNING * * *
The jelly completely misses you.
You hit the jelly but do no damage.
Your hands burn!
* * * LOW HITPOINT WARNING * * *
You hear the hiss of a very distant avalanche of sand.
The jelly barely misses you.
You hit the jelly but do no damage.
Your hands burn!
* * * LOW HITPOINT WARNING * * *
The jelly hits you.
* * * LOW HITPOINT WARNING * * *
You are splashed with acid!
* * * LOW HITPOINT WARNING * * *
Unknown command.
You feel much better. The jelly closely misses you.
Unknown command.
The jelly attacks as you move away! The jelly hits you.
* * * LOW HITPOINT WARNING * * *
You are splashed with acid!
* * * LOW HITPOINT WARNING * * *
You hit the jelly but do no damage.
Your weapon exudes an aura of protection.
Your hands burn!
* * * LOW HITPOINT WARNING * * *
The jelly closely misses you.
You hit the jelly but do no damage.
Your hands burn!
* * * LOW HITPOINT WARNING * * *
The jelly closely misses you.
You hit the jelly but do no damage.
Your hands burn!
* * * LOW HITPOINT WARNING * * *
The jelly closely misses you.
You barely miss the jelly. The jelly barely misses you.
You hit the jelly but do no damage.
Your hands burn!
* * * LOW HITPOINT WARNING * * *
The jelly barely misses you.
You hit the jelly but do no damage. The acid corrodes you!
Your hands burn!
You die...

#......#
+......#
#......#
#......#
#......#
#......#
#......#
#......#
#.....@#
######J##
#JJ# ##J#
#J## #JJ#
##J####
#JJ..###
####.J.##


You could see 2 jellies and 8 endoplasms.

Vanquished Creatures
  Prince Ribbit (D:6)
  5 yaks (D:8)
  2 water moccasins
  2 ice beasts
  A black bear (D:5)
  A sky beast (D:7)
  2 ogres (D:6)
  A kobold brigand (D:7)
  3 scorpions
  4 killer bees (D:6)
  A howler monkey (D:4)
  3 hounds
  5 jellies
  3 orc priests
  Crazy Yiuf (D:7)
  A sleepcap (D:6)
  An iguana (D:4)
  2 orc wizards
  6 adders
  4 gnolls (D:7)
  An ufetubus (D:5)
  A worm (D:2)
  3 dart slugs
  22 orcs
  3 ball pythons
  9 endoplasms
  3 giant cockroaches
  9 goblins
  7 hobgoblins
  3 quokkas (D:1)
  7 bats
  2 frilled lizards
  11 kobolds
  3 rats
133 creatures vanquished.

Notes
Turn   | Place    | Note
-------+----------+-------------------------------------------
     0 | D:1      | Eitelfritz the Hill Orc Fighter began the quest for the
                  | Orb.
     0 | D:1      | Reached XP level 1. HP: 19/19 MP: 1/1
     2 | D:1      | Noticed a tengu
     2 | D:1      | Noticed a demigod
     4 | D:1      | Noticed a vine stalker
     4 | D:1      | Noticed a troll
     6 | D:1      | Noticed a ghoul
     6 | D:1      | Noticed a felid
     8 | D:1      | Noticed a vampire
    10 | D:1      | Noticed an armataur
    10 | D:1      | Noticed a demonspawn
    12 | D:1      | Noticed a minotaur
    14 | D:1      | Noticed an octopode
    14 | D:1      | Noticed a draconian
    16 | D:1      | Noticed a naga
    16 | D:1      | Noticed a spriggan
    18 | D:1      | Noticed a formicid
    18 | D:1      | Noticed a meteoran
    20 | D:1      | Noticed an ogre
    20 | D:1      | Noticed a merfolk
    22 | D:1      | Noticed a gargoyle
    22 | D:1      | Noticed an elf
    24 | D:1      | Noticed a vampire
    26 | D:1      | Noticed a vampire
   204 | D:1      | Reached XP level 2. HP: 27/27 MP: 2/2
   280 | D:1      | You fall into a shaft and drop 1 floor!
   540 | D:2      | Reached XP level 3. HP: 27/33 MP: 3/3
   612 | D:2      | Reached skill level 3 in Axes
   629 | D:2      | Reached XP level 4. HP: 11/40 MP: 4/4
  1450 | D:1      | Found a faded altar of an unknown god.
  2198 | D:3      | Reached skill level 1 in Dodging
  2326 | D:3      | Reached XP level 5. HP: 47/47 MP: 5/5
  2391 | D:3      | Reached skill level 4 in Axes
  2448 | D:3      | Reached skill level 1 in Ranged Weapons
  3018 | D:4      | Reached XP level 6. HP: 52/53 MP: 6/6
  3058 | D:4      | Found a staircase to the Ecumenical Temple.
  3075 | Temple   | Entered the Ecumenical Temple
  3264 | D:4      | Reached skill level 5 in Axes
  3596 | D:4      | Identified a scroll of acquirement
  3596 | D:4      | Acquired 930 gold pieces
  3608 | D:5      | Entered Level 5 of the Dungeon
  3614 | D:5      | Noticed an ice beast
  3631 | D:5      | Killed an ice beast
  4054 | D:5      | Noticed a black bear
  4068 | D:5      | Killed a black bear
  4069 | D:5      | Reached skill level 6 in Axes
  4069 | D:5      | Reached XP level 7. HP: 47/60 MP: 7/7
  4371 | D:6      | Noticed Prince Ribbit
  4395 | D:6      | Reached skill level 5 in Fighting
  4399 | D:6      | Killed Prince Ribbit
  4400 | D:6      | Reached skill level 7 in Axes
  4400 | D:6      | Reached skill level 5 in Armour
  4400 | D:6      | Reached XP level 8. HP: 38/68 MP: 8/8
  4750 | D:6      | Noticed a troll
  4886 | D:6      | Found a snail-covered altar of Cheibriados.
  4886 | D:6      | Found an ornate altar of the Wu Jian Council.
  4892 | D:6      | Found a radiant altar of Vehumet.
  4897 | D:6      | Found a sacrificial altar of Ru.
  4947 | D:6      | Reached skill level 8 in Axes
  5748 | D:6      | Reached skill level 9 in Axes
  6157 | D:7      | Reached skill level 5 in Shields
  6157 | D:7      | Reached XP level 9. HP: 75/75 MP: 9/9
  6437 | D:7      | Found a glowing silver altar of Zin.
  6497 | D:7      | Became a worshipper of Zin the Law-Giver
  6497 | D:7      | Reached * piety under Zin
  6497 | D:7      | Reached ** piety under Zin
  6818 | D:7      | Found a runed translucent door.
  6819 | D:7      | Noticed Crazy Yiuf
  6827 | D:7      | Killed Crazy Yiuf
  6828 | D:7      | Reached skill level 1 in Evocations
  6913 | D:8      | Reached skill level 10 in Axes
  6924 | D:8      | Reached skill level 1 in Throwing
  7091 | D:8      | Noticed an oklob plant
  7109 | D:8      | Reached skill level 11 in Axes
  7138 | D:8      | Splashed by a jelly's acid

Illustrated notes

Levels and vault maps discovered:
D:1:      kb_arrival_jail, layout_loops_corners, ebering_ecumenical_altar_box,
          nrook_campfire, chequers_serial_rivers_small_a,
          minmay_misc_feat_diagonals
D:2:      layout_basic
D:3:      minmay_wonky_spiral, layout_loops_ring
D:4:      layout_basic, minmay_temple_entry_offerings, grunt_decor_junction
D:5:      layout_loops_ring
D:6:      layout_basic, grunt_temple_overflow_cloverleaf,
          lightli_corner_chamber, uniq_prince_ribbit1
D:7:      layout_layer_cave, old_standard_altar, dreamdust_wishing_well,
          uniq_crazy_yiuf_cottage
D:8:      lemuel_slime, layout_basic, dpeg_oklobed_lair, enter_ossuary_3
Temple:   sentei_temple_godly_chess

Skill      XL: |  1  2  3  4  5  6  7  8  9 |
---------------+----------------------------+-----
Axes           | 3 4 6 7 9 11 | 11.0
Fighting       | 4 5 6 |  6.6
Armour         | 4 5 6 7 |  7.3
Dodging        | 1 2 |  2.8
Ranged Weapons | 1 |  1.7
Shields        | 4 5 |  5.4
Evocations     | 1 |  1.1
Throwing       | 2 |  2.0
Stealth        | |  0.7

Action                     |  1- 3 |  4- 6 |  7- 9 || total
---------------------------+-------+-------+-------++-------
  Melee: War axe           |    47 |   184 |   280 ||   511
   Fire: Sling             |       |    46 |       ||    46
    Use: Scroll            |       |    14 |     4 ||    18
         Potion            |       |       |     1 ||     1
 Armour: Scale mail        |    18 |    97 |       ||   115
         Chain mail        |       |       |   104 ||   104
  Dodge: Dodged            |    22 |   138 |   166 ||   326
  Block: Buckler           |     9 |    54 |    48 ||   111
